 Dungeon Crawl Stone Soup version 0.32-a0-683-ge26c5dbc97 (webtiles) character file.

Game seed: 16654593623649101843

47914 kosmolit the Blocker (level 14, 0/94 HPs)
             Began as a Gargoyle Fighter on Mar 12, 2024.
             Was the Champion of Makhleb.
             Slain by a black mamba (7 damage)
             ... on level 5 of the Lair of Beasts.
             The game lasted 00:18:00 (16862 turns).

kosmolit the Blocker (Gargoyle Fighter)            Turns: 16862, Time: 00:18:01

Health: 0/94       AC: 41    Str: 24    XL:     14   Next: 44%
Magic:  22/22      EV:  7    Int: 10    God:    Makhleb [******]
Gold:   1084       SH: 13    Dex:  9    Spells: 13/13 levels left

rFire   . . .        H - +5 morningstar (heavy)
rCold   . . .        c - +1 buckler
rNeg    + + .        v - +3 plate armour
rPois   ∞            i - +2 helmet
rElec   +            C - +0 cloak
rCorr   .            K - +2 pair of gloves
SInv    +            Q - +2 pair of boots
Will    +....        z - amulet of reflection Stlth
                     n - ring of see invisible
HPRegen 0.35/turn    N - ring of positive energy
MPRegen 0.18/turn

%: reflection
@: about to teleport, flying
A: sickness immunity, AC +10, big wings, negative energy resistance 1,
electricity resistance, torment resistance 1, petrification resistance
a: Renounce Religion, Minor Destruction, Lesser Servant of Makhleb, Major
Destruction, Greater Servant of Makhleb


You were on level 5 of the Lair of Beasts.
You worshipped Makhleb.
Makhleb was exalted by your worship.
You visited 2 branches of the dungeon, and saw 17 of its levels.
You also visited: Sewer.

You collected 1084 gold pieces.

Inventory:

Hand Weapons
 a - a +0 flail
 g - a +1 flail of protection
 B - a +1 dire flail of protection
 E - a +0 heavy morningstar
 H - a +5 heavy morningstar (weapon)
Missiles
 j - a throwing net (quivered)
Armour
 b - a +0 scale mail
 c - a +1 buckler (worn)
 i - a +2 helmet (worn)
 m - a +0 chain mail
 v - a +3 plate armour (worn)
 C - a +0 cloak (worn)
 K - a +2 pair of gloves (worn)
 Q - a +2 pair of boots (worn)
Jewellery
 n - a ring of see invisible (left hand)
 p - a ring of fire
 z - an amulet of reflection (around neck)
 G - a ring of magical power
 I - an amulet of the acrobat
 N - a ring of positive energy (right hand)
 O - a +6 ring of intelligence
 T - a ring of fire
Wands
 o - a wand of flame (25)
 y - a wand of paralysis (20)
 D - a wand of iceblast (19)
 J - a wand of digging (8)
 M - a wand of polymorph (6)
 S - a wand of mindburst (7)
 Z - a wand of light (1)
Scrolls
 d - 3 scrolls of blinking
 h - 3 scrolls of poison
 r - 2 scrolls of revelation
 s - 3 scrolls of silence
 t - 2 scrolls of enchant armour
 u - 2 scrolls of summoning
 P - a scroll of enchant weapon
 U - a scroll of vulnerability
 W - a scroll of amnesia
 X - a scroll of fear
 Y - a scroll of identify
Potions
 e - 2 potions of berserk rage
 f - 4 potions of mutation
 k - 3 potions of cancellation
 l - 4 potions of brilliance
 q - 2 potions of lignification
 w - 2 potions of attraction
 x - 2 potions of haste
 A - 5 potions of curing
 L - 4 potions of degeneration
 R - 2 potions of heal wounds
 V - a potion of invisibility {unknown}


   Skills:
 + Level 13.0 Fighting
 + Level 11.8 Maces & Flails
 + Level 13.0 Armour
 + Level 13.1 Shields
 + Level 10.8 Invocations


You had 13 spell levels left.
You didn't know any spells.
Your spell library contained the following spells:

 Spells                   Type           Power      Damage    Failure   Level
 Apportation              Tloc           0%         N/A       98%         1
 Freeze                   Ice            0%         1d3       98%         1
 Kiss of Death            Conj/Necr      0%         2d5       98%         1
 Necrotise                Necr           0%         1d4       98%         1
 Sandblast                Erth           0%         2d4       98%         1
 Sting                    Conj/Alch      0%         1d3       98%         1
 Summon Small Mammal      Summ           0%         N/A       98%         1
 Static Discharge         Conj/Air       0%         3-3/arc   99%         2
 Call Canine Familiar     Summ           0%         N/A       100%        3
 Confusing Touch          Hex            0%         N/A       100%        3
 Frozen Ramparts          Ice            0%         1d1       100%        3
 Hailstorm                Conj/Ice       0%         3d5       100%        3
 Sigil of Binding         Hex            0%         N/A       100%        3
 Stone Arrow              Conj/Erth      0%         3d7       100%        3
 Summon Ice Beast         Ice/Summ       0%         N/A       100%        3
 Airstrike                Air            0%         2d(0-16)  100%        4
 Brom's Barrelling Bould  Conj/Erth      0%         2d3       100%        4
 Dimensional Bullseye     Hex/Tloc       0%         N/A       100%        4
 Dispel Undead            Necr           0%         3d6       100%        4
 Ignite Poison            Fire/Alch      0%         N/A       100%        4
 Leda's Liquefaction      Alch/Erth      0%         N/A       100%        4
 Manifold Assault         Tloc           0%         N/A       100%        4
 Petrify                  Alch/Erth      0%         N/A       100%        4
 Sticky Flame             Fire/Alch      0%         2d4       100%        4
 Summon Lightning Spire   Summ/Air       0%         N/A       100%        4
 Vhi's Electric Charge    Tloc/Air       0%         N/A       100%        4
 Alistair's Intoxication  Alch           0%         N/A       100%        5
 Arcjolt                  Conj/Air       0%         1d10      100%        5
 Borgnjor's Vile Clutch   Necr/Erth      0%         N/A       100%        5
 Metabolic Englaciation   Hex/Ice        0%         N/A       100%        5
 Conjure Ball Lightning   Conj/Air       0%         3x3d6     100%        6
 Dispersal                Tloc           0%         N/A       100%        6
 Eringya's Noxious Bog    Alch           0%         4d6       100%        6
 Permafrost Eruption      Ice/Erth       0%         2x4d2     100%        6
 Sculpt Simulacrum        Ice/Alch       0%         N/A       100%        6
 Discord                  Hex            0%         N/A       100%        8
 Disjunction              Tloc           0%         N/A       100%        8
 Ignition                 Fire           0%         3d3       100%        8
 Maxwell's Capacitive Co  Air            0%         ∞         100%        8


Dungeon Overview and Level Annotations

Branches:
Dungeon (12/15)            Temple (0/1) D:5            Lair (5/5) D:10
 Shoals (0/4) Lair:3       Spider (0/4) Lair:2        Slime (0/5) Lair:4
    Orc (0/2) D:10          Sewer (visited)

Altars:
Dithmenos
Fedhas
Makhleb
Trog
Xom
Yredelemnul
Jiyva

Shops:
D:9 *

Annotations:
D:6 exclusion: oklob plant


Innate Abilities, Weirdness & Mutations

You are immune to sickness and miasma.
Your stone body is resilient. (AC +10)
You are immune to poison.
Your large and strong wings let you fly.
You resist negative energy. (rN+)
You are resistant to electric shocks. (rElec)
You are resistant to unholy torment.
You are immune to petrification.


Message History

The yak barely misses you.
You closely miss the yak.
The yak is almost dead.
You block the yak's attack.
The yak gores you but does no damage. x2
You block the yak's attack.
You puncture the yak!
You kill the yak!
Makhleb accepts your kill.
You feel better.
Your surroundings suddenly seem different.
A manticore comes into view.
A manticore is nearby!
The manticore flicks its tail.
The volley of spikes misses you.
You hear an angry hiss.
You hear a trumpeting!
You hear a croak.
A black mamba comes into view.
The black mamba moves out of view.
A dire elephant comes into view.
A cane toad and a death yak come into view.
Found five items.
The cane toad croaks.
The death yak bellows!
You block the black mamba's attack.
A demon appears!
It doesn't seem very happy.
You block the black mamba's attack. x2
As you read the scroll of teleportation, it crumbles to dust.
You feel strangely unstable.
The black mamba bites you but does no damage.
The death yak gores you but does no damage.
The black mamba bites you.
* * * LOW HITPOINT WARNING * * *
You block the blizzard demon's attack.
The blizzard demon hits you but does no damage.
The black mamba attacks as it pursues you!
The black mamba bites you but does no damage.
The death yak gores you!
* * * LOW HITPOINT WARNING * * *
The black mamba bites you!
You die...

*,,,,,,,,,,,,,,,,,,,,,,,,**,,,,,,
,,,,,*,,,,,,,,,,,,,,,,,,,**,,,,,,
,****,*,,,,,,,,,,,,,,,,,,,*,,,,,*
**,****,,,,,,,,,,,,,,,,,,,**,,,,,
*,,,*,,*,,,,,******,,,,,,,,,**,,*
,,,,,,,,,,,**######*,,,,,,*******
.......,,,*###..#.##*,,,,,,*,,,**
.......,,,##.......##**,,,,,,,,,,
.......,,##....#@#Y.##*,,,,,,,,,,
.......**#......SYF..#**,,,,,,,,,
.......* ##....2#H....#*,,,,,,,,,
.......**#......#.}...#*,,*,*,,*,
.h.....,*#..#####)/$..#*,,,***,,*
.......,#...,,,,*.(...#*,,,*,,,**
YY.....*#P.,*,,,*###.##*,,,,,,,**
Y......*#..,,,,,****## **,**,,,,*
.......,##,,*****,,** *,,**,,,*


You could see a death yak, a blizzard demon (summoned), a manticore, a black
mamba and a cane toad.

Vanquished Creatures
  7 hydras
  A boulder beetle (D:11)
  3 two-headed ogres
  2 death yaks (Lair:5)
  A fire crab (Lair:5)
  An arcanist (D:8)
  Pikel (D:7)
  3 harpies (Lair:3)
  4 ugly things
  2 cyclopes (D:11)
  Maurice (D:6)
  An oklob plant (Lair:3)
  A manticore (D:11)
  7 elephants
  7 black mambas
  4 cane toads
  4 unseen horrors
  A rime drake (Lair:2)
  3 torpor snails
  8 komodo dragons
  3 trolls
  Grinder (D:5)
  3 polar bears
  10 dream sheep
  3 blink frogs (Lair:2)
  5 wraiths
  7 wyverns
  4 basilisks
  48 yaks
  A warg (D:10)
  A steam dragon (D:10)
  3 redbacks (Lair:2)
  12 vampire mosquitoes
  2 acid dragons
  13 water moccasins
  5 black bears
  3 ice beasts
  3 orc warriors
  A swamp drake (D:10)
  A sky beast (D:8)
  5 ogres
  9 wolves
  4 centaurs
  2 phantoms
  5 kobold brigands
  Blork the orc (D:6)
  7 bullfrogs
  A gnoll sergeant (D:10)
  5 scorpions
  22 wights
  4 howler monkeys
  4 electric eels
  4 orc priests
  2 jellies
  4 hounds
  2 sleepcaps
  An iguana (D:5)
  Crazy Yiuf (D:6)
  Jessica (D:3)
  8 hell rats
  12 orc wizards
  7 gnolls
  9 river rats (Lair:4)
  17 adders
  A shadow imp (D:5)
  2 white imps
  2 ufetubi (D:6)
  7 dart slugs
  A ribbon worm (D:4)
  30 orcs
  13 ball pythons
  2 bats
  24 endoplasms
  21 giant cockroaches
  9 goblins
  5 hobgoblins
  8 jackals
  4 quokkas
  9 frilled lizards
  20 kobolds
  4 rats
490 creatures vanquished.

Vanquished Creatures (collateral kills)
  2 vampire mosquitoes (D:10)
  A swamp drake (D:10)
3 creatures vanquished.

Vanquished Creatures (others)
  A spriggan (Lair:5)
1 creature vanquished.

Grand Total: 494 creatures vanquished

Notes
Turn   | Place    | Note
-------+----------+-------------------------------------------
     0 | D:1      | kosmolit the Gargoyle Fighter began the quest for the Orb.
     0 | D:1      | Reached XP level 1. HP: 14/14 MP: 1/1
     1 | D:1      | Found a runed translucent door.
    21 | D:1      | Reached XP level 2. HP: 18/19 MP: 2/2
    64 | D:1      | Found a faded altar of an unknown god.
   754 | D:2      | Reached XP level 3. HP: 23/23 MP: 3/3
   821 | D:2      | Found a burning altar of Makhleb.
  1028 | D:2      | Became a worshipper of Makhleb the Destroyer
  1196 | D:3      | Killed Jessica
  1197 | D:3      | Reached XP level 4. HP: 29/29 MP: 4/4
  1502 | D:3      | Reached XP level 5. HP: 32/33 MP: 5/5
  1566 | D:3      | Reached * piety under Makhleb
  2009 | D:4      | Found a glowing drain.
  2020 | D:4      | Found a basalt altar of Yredelemnul.
  2052 | Sewer    | Entered a sewer
  2062 | Sewer    | Reached ** piety under Makhleb
  2141 | Sewer    | Reached XP level 6. HP: 39/39 MP: 6/6
  2570 | Sewer    | Reached skill level 5 in Fighting
  2570 | Sewer    | Reached skill level 5 in Armour
  2570 | Sewer    | Reached skill level 5 in Shields
  2577 | Sewer    | Reached *** piety under Makhleb
  2582 | Sewer    | Reached XP level 7. HP: 32/44 MP: 7/7
  2973 | D:4      | Identified the +11 spear "Zuwk" {freeze, rF+ Dex+3}
  3009 | D:4      | Found a bloodstained altar of Trog.
  3363 | D:5      | Entered Level 5 of the Dungeon
  3390 | D:5      | Reached XP level 8. HP: 50/51 MP: 8/8
  3497 | D:5      | Reached skill level 5 in Maces & Flails
  3586 | D:5      | Found a staircase to the Ecumenical Temple.
  3592 | D:5      | Noticed Grinder
  3617 | D:5      | Killed Grinder
  3685 | D:5      | Found a shimmering altar of Xom.
  4022 | D:5      | Reached XP level 9. HP: 49/56 MP: 9/9
  4026 | D:5      | Reached **** piety under Makhleb
  4472 | D:6      | Noticed Blork the orc
  4488 | D:6      | Killed Blork the orc
  4661 | D:6      | Found a runed translucent door.
  4662 | D:6      | Noticed Crazy Yiuf
  4671 | D:6      | Killed Crazy Yiuf
  5008 | D:6      | Reached skill level 1 in Invocations
  5032 | D:5      | HP: 1/57 [wight/+2 falchion (3)]
  5381 | D:6      | Found a blossoming altar of Fedhas.
  5393 | D:6      | Noticed an oklob plant
  5775 | D:7      | Noticed Maurice
  5783 | D:7      | Noticed a komodo dragon
  5800 | D:6      | Killed a komodo dragon
  5854 | D:6      | Maurice stole a +1 dire flail of protection
  5866 | D:6      | Reached XP level 10. HP: 46/64 MP: 10/12
  5868 | D:6      | Something stole a ring of fire
  5871 | D:6      | Killed Maurice
  6031 | D:7      | Noticed Pikel
  6042 | D:7      | Paralysed by Pikel for 2 turns
  6050 | D:7      | Paralysed by Pikel for 3 turns
  6053 | D:7      | Killed Pikel
  6741 | D:8      | Reached ***** piety under Makhleb
  7004 | D:8      | Noticed a red ugly thing
  7010 | D:8      | Killed a red ugly thing
  7012 | D:8      | Noticed an arcanist
  7028 | D:8      | Killed an arcanist
  7029 | D:8      | Reached skill level 5 in Invocations
  7037 | D:8      | Reached XP level 11. HP: 24/71 MP: 14/14
  7729 | D:8      | Found a shadowy altar of Dithmenos.
  8617 | D:9      | Noticed a two-headed ogre
  8626 | D:9      | Killed a two-headed ogre
  8867 | D:9      | Found Dips's Lightly-Used Armoury.
  9270 | D:10     | Entered Level 10 of the Dungeon
  9305 | D:10     | Found a staircase to the Orcish Mines.
  9316 | D:10     | Reached skill level 10 in Shields
  9402 | D:10     | Reached skill level 10 in Armour
  9470 | D:10     | Reached skill level 10 in Fighting
  9491 | D:10     | Found a staircase to the Lair.
  9931 | D:10     | Noticed a two-headed ogre
  9931 | D:10     | Noticed a two-headed ogre
  9961 | D:10     | Killed a two-headed ogre
  9964 | D:10     | Killed a two-headed ogre
  9965 | D:10     | Reached XP level 12. HP: 67/78 MP: 17/17
 10371 | D:11     | Noticed a boulder beetle
 10382 | D:11     | Killed a boulder beetle
 11336 | D:12     | Reached skill level 10 in Maces & Flails
 11897 | Lair:1   | Entered Level 1 of the Lair of Beasts
 12282 | Lair:1   | Reached XP level 13. HP: 84/84 MP: 19/19
 13307 | Lair:2   | Found a hole to the Spider Nest.
 13331 | Lair:2   | Identified the +5 war axe "Reurifum" {heavy, Fly rF+}
 13617 | Lair:2   | Reached ****** piety under Makhleb
 13816 | Lair:2   | Identified the +3 mace "Nuchorr" {heavy, +Blink Int+4
                  | Stlth-}
 13989 | Lair:3   | Identified the +10 rapier of Esod {distort, rF+ rC- Str+4}
 14237 | Lair:3   | Found a staircase to the Shoals.
 15145 | Lair:3   | Reached skill level 10 in Invocations
 15369 | Lair:4   | Found a staircase to the Slime Pits.
 15369 | Lair:4   | Found a viscous altar of Jiyva.
 15378 | Lair:4   | Gained mutation: Your large and strong wings let you fly.
                  | [Gargoyle growth]
 15378 | Lair:4   | Reached XP level 14. HP: 92/92 MP: 21/21
 16211 | Lair:5   | Entered Level 5 of the Lair of Beasts
 16859 | Lair:5   | Noticed a dire elephant
 16862 | Lair:5   | Slain by a black mamba

Illustrated notes

Levels and vault maps discovered:
D:1:      dpeg_arrival_caged_fury, layout_rooms,
          dreamdust_ecumenical_altar_statues
D:2:      layout_basic, basic_altar
D:3:      layout_loops_ring, uniq_jessica
D:4:      layout_basic, mainiacjoe_overflow_tiny_flanked,
          nicolae_overflow_hidden_temple, gup_sewer_entry_glass, minmay_bent
D:5:      layout_basic, mainiacjoe_overflow_brackets,
          minmay_temple_entry_glassed_door, uniq_grinder
D:6:      layout_basic, tgw_fedhas, eino_curves_01, uniq_blork_the_orc,
          uniq_crazy_yiuf_cottage
D:7:      layout_rooms, billiards_dpeg, uniq_maurice, uniq_pikel
D:8:      kennysheep_blocky_room, layout_layer_cave, general_overflow_altar,
          nicolae_underground_beach
D:9:      layout_basic, minmay_shop_damaged, nicolae_fountain_basement
D:10:     layout_gridville, lair_entry_dummy, david_orc_3, pond
D:11:     layout_loops_ring, glass_columns_c
D:12:     layout_gridville
Lair:1:   layout_gridlike, gammafunk_lair_bear_cave, serial_bayou_shore_b
Lair:2:   layout_loops_ring, spider_nest_entry_a, fungi_pond_lemuel,
          hangedman_lair_generics_rect
Lair:3:   layout_concentric_octagons, nicolae_shoals_entry_roost,
          minmay_lair_oklob_bushes, lemuel_fruit_tree, infiniplex_staircase_pool
Lair:4:   layout_misc_corridors, minmay_slime_entry_pillars, kennysheep_rathole
Lair:5:   hangedman_lair_in_review, layout_regular_city, gauntlet_entry_generic,
          grunt_forest_large_clearing_hut

Skill      XL: |  1  2  3  4  5  6  7  8  9 10 11 12 13 14 |
---------------+-------------------------------------------+-----
Fighting       | 4 5 6 8 9 10 11 12 13 | 13.0
Shields        | 4 5 7 8 9 10 11 12 13 | 13.1
Armour         | 4 5 6 8 9 10 11 12 13 | 13.0
Maces & Flails | 3 4 5 7 8 9 10 11 | 11.8
Invocations    | 2 5 7 8 10 | 10.8

Action                     |  1- 3 |  4- 6 |  7- 9 | 10-12 | 13-15 || total
---------------------------+-------+-------+-------+-------+-------++-------
  Melee: Flail             |    61 |   322 |   456 |    92 |       ||   931
         Morningstar       |       |       |       |   438 |   439 ||   877
 Invoke: Lesser Servant of |       |       |       |     1 |       ||     1
         Greater Servant o |       |       |       |       |     1 ||     1
  Evoke: Wand              |       |       |     5 |       |     1 ||     6
    Use: Scroll            |     6 |       |     5 |    12 |     7 ||    30
         Potion            |       |       |     2 |     1 |       ||     3
 Armour: Scale mail        |    25 |       |       |       |       ||    25
         Chain mail        |    14 |   338 |    53 |       |       ||   405
         Plate armour      |       |       |   379 |   827 |   866 ||  2072
  Dodge: Dodged            |    27 |   182 |   156 |   281 |   211 ||   857
  Block: Buckler           |    13 |   144 |   177 |   505 |   477 ||  1316
         Reflection        |       |       |       |     8 |     6 ||    14

Table legend: (Time is in decaauts)
 A = Elapsed time spent in this place.
 B = Non-inter-level travel time spent in this place.
 C = Inter-level travel time spent in this place.
 D = Time resting spent in this place.
 E = Time spent auto-exploring this place.
 F = Levels seen in this place.
 G = Mean time per level.
                   A        B        C        D        E       F      G
               +--------+--------+--------+--------+--------+-----+--------+
         Total |  17588 |  16751 |    837 |   1521 |  11140 |  18 |  977.1 |
       Dungeon |  11828 |  11126 |    702 |    616 |   7932 |  12 |  985.7 |
          Lair |   5062 |   4928 |    134 |    905 |   2848 |   5 | 1012.4 |
         Sewer |    697 |    697 |      0 |      0 |    360 |   1 |  697.0 |
               +--------+--------+--------+--------+--------+-----+--------+

Top non-repeatable levels by time:
     D:8: 1782 daAuts
  Lair:3: 1588 daAuts
     D:6: 1440 daAuts
    D:10: 1174 daAuts
     D:5: 1111 daAuts
  Lair:4: 1110 daAuts
     D:9: 1040 daAuts
  Lair:1: 1005 daAuts
  Lair:2: 982 daAuts
    D:12: 914 daAuts
     D:4: 808 daAuts
     D:3: 794 daAuts
     D:7: 767 daAuts
    D:11: 728 daAuts
     D:2: 720 daAuts
